Map: Ever Dream LE

Players

LiquidMaNa (MaNa) - Winner!

  • Race: Protoss Protoss
  • Spawn Location: 7:00

True

  • Race: Zerg Zerg
  • Spawn Location: 1:00

Event: StayAtHomestory Cup #1

VOD

Have the link to the VOD?

Description

Time

  • Played on: April 10, 2020, 6:22 a.m.
  • Length: 5:36

All games in this series

Show
View Real Time Build Order
Export as new Build Order

LiquidMaNa Protoss - Winner!

Build Orders: 1 Gate Expand, Mass Adepts 

Get SALT Encoding   

  12  0:00  Probe  
  13  0:12  Pylon  
  13  0:17  Probe (Chrono Boost)  
  14  0:27  Probe (Chrono Boost)  
  15  0:32  Probe (Chrono Boost)  
  16  0:40  Gateway  
  16  0:44  Probe  
  16  0:49  Assimilator  
  17  0:56  Probe  
  18  0:58  Pylon  
  18  1:08  Probe  
  19  1:21  Probe  
  20  1:27  Cybernetics Core  
  20  1:36  Nexus  
  20  1:42  Probe  
  20  1:46  Pylon  
  21  1:54  Probe  
  22  1:58  Assimilator  
  22  2:01  Adept (Chrono Boost)  
  22  2:06  Probe  
  22  2:08  Warp Gate  
  25  2:18  Probe  
  25  2:22  Adept (Chrono Boost)  
  28  2:30  Probe  
  28  2:36  Twilight Council  
  29  2:43  Probe  
  30  2:48  Adept  
  30  2:50  Probe  
  33  2:55  Probe  
  34  3:02  Probe  
  34  3:05  Robotics Facility  
  35  3:14  Probe x2, Gateway  
  35  3:16  Resonating Glaives (Chrono Boost)  
  37  3:26  Probe x2  
  39  3:33  Gateway  
  39  3:34  Gateway  
  39  3:38  Probe  
  39  3:39  Probe  
  40  3:50  Warp Prism (Chrono Boost)  
  40  3:54  Pylon  
  42  4:00  Dark Shrine  
  42  4:01  Adept  
  44  4:08  Pylon  
  44  4:09  Adept  
  46  4:12  Probe x2  
  48  4:19  Pylon  
  48  4:25  Assimilator x2  
  48  4:35  Adept x3  
  48  4:36  Adept  
  56  4:41  Probe x2  
  58  4:56  Adept x3  
  58  4:57  Adept  
  66  5:00  Pylon  
  62  5:21  Dark Templar  
  62  5:22  Dark Templar  
  62  5:25  Dark Templar  
Show
View Real Time Build Order
Export as new Build Order

True Zerg 

Build Orders: Hatch First 

Get SALT Encoding   

  12  0:00  Drone  
  13  0:12  Overlord  
  13  0:17  Drone  
  14  0:31  Drone x2  
  16  0:50  Drone  
  16  0:51  Drone  
  18  1:02  Extractor  
  18  1:03  Drone  
  18  1:13  Hatchery  
  18  1:16  Spawning Pool  
  16  1:21  Drone  
  16  1:23  Drone  
  18  1:29  Drone  
  19  1:39  Drone  
  20  1:52  Hatchery  
  19  2:00  Drone  
  19  2:01  Drone  
  21  2:07  Metabolic Boost  
  21  2:15  Drone  
  22  2:25  Zergling x2, Queen  
  25  2:30  Queen  
  25  2:35  Overlord  
  27  2:42  Zergling x2  
  27  2:55  Zergling x2  
  27  2:56  Spore Crawler  
  27  3:01  Zergling x4  
  27  3:02  Zergling x4  
  32  3:06  Queen  
  32  3:09  Queen  
  36  3:17  Queen  
  38  3:20  Drone  
  38  3:23  Drone  
  38  3:24  Drone  
  41  3:27  Drone  
  41  3:31  Overlord  
  42  3:40  Overlord  
  42  3:44  Overlord  
  42  3:53  Drone x5  
  42  3:54  Drone  
  48  4:01  Roach Warren  
  47  4:04  Drone  
  47  4:07  Drone  
  47  4:09  Drone  
  50  4:10  Drone  
  50  4:12  Drone  
  50  4:14  Drone  
  50  4:16  Drone  
  54  4:19  Extractor, Drone  
  54  4:20  Drone  
  55  4:27  Overlord  
  55  4:29  Drone x2  
  55  4:30  Drone  
  58  4:42  Roach x4  
  58  4:43  Overlord  
  66  4:47  Roach  
  66  4:48  Roach  
  66  4:49  Roach  
  72  4:54  Roach  
  72  4:56  Extractor  
  72  4:59  Zergling x2  
  74  5:00  Overlord  
  74  5:01  Overlord  
  74  5:02  Zergling x2  
  74  5:03  Roach  
  74  5:06  Roach  
  77  5:10  Roach  
  77  5:13  Roach  
  75  5:15  Zergling x4  
  75  5:17  Zergling x2  
  75  5:19  Zergling x2  
  79  5:29  Spore Crawler  
Tags
 
Add a new tag
Caveats
  • Supply blocks, unpowered buildings, or Contaminate may cause inaccurate times.
  • Supply counts are checked every 10 seconds.